 Dungeon Crawl Stone Soup version 0.30-a0-457-g4b7bca3bfa (webtiles) character file.

Game seed: 3013588296190367704

1 shoemetal68 the Firebug (level 1, 10/10 HPs)
             Began as a Gargoyle Fire Elementalist on Dec 13, 2022.
             Quit the game on level 1 of the Dungeon.
             The game lasted 00:02:11 (79 turns).

shoemetal68 the Firebug (Gargoyle Fire Elementalist)  Turns: 79, Time: 00:02:11

Health: 10/10      AC:  4    Str: 11    XL:     1   Next: 20%
Magic:  3/3        EV: 12    Int: 15    God:
Gold:   13         SH:  0    Dex: 10    Spells: 3/4 levels left

rFire   . . .      SeeInvis .    c - +0 dagger
rCold   . . .      Faith    .    (no shield)
rNeg    + . .      Spirit   .    d - +0 robe
rPois   ∞          Reflect  .    (no helmet)
rElec   +          Harm     .    (no cloak)
rCorr   .          Rampage  .    (no gloves)
Will    .....                    (no boots)
Stlth   ++........               (no amulet)
HPRegen 0.21/turn                (no ring)
MPRegen 0.08/turn                (no ring)

@: no status effects
A: sickness immunity, AC +2, negative energy resistance 1, electricity
resistance, torment resistance 1, petrification resistance
a: no special abilities


You were on level 1 of the Dungeon.
You visited 1 branch of the dungeon, and saw 1 of its levels.

You collected 13 gold pieces.

Inventory:

Hand Weapons
 c - a +0 dagger (weapon)
Armour
 a - a +0 robe
 d - a +0 robe (worn)
Potions
 b - a potion of magic


   Skills:
 + Level 1.6 Dodging
 + Level 2.1 Stealth
 + Level 2.0 Spellcasting
 + Level 1.1 Conjurations
 + Level 3.0 Fire Magic


You had 3 spell levels left.
You knew the following spells:

 Your Spells              Type           Power      Damage    Failure   Level
a - Foxfire               Conj/Fire      28%        2x1d5     10%         1

Your spell library contained the following spells:

 Spells                   Type           Power      Damage    Failure   Level
 Scorch                   Fire           20%        2d6       10%         2
 Inner Flame              Hex/Fire       6%         N/A       34%         3
 Kindle Blastsparks       Fire/Tloc/Air  8%         2d10      41%         3
 Flame Wave               Conj/Fire      7%         2d5       67%         4


Dungeon Overview and Level Annotations

Branches:
Dungeon (1/15)

Altars:


Innate Abilities, Weirdness & Mutations

You are immune to sickness and miasma.
Your stone body is resilient. (AC +2)
You are immune to poison.
You resist negative energy. (rN+)
You are resistant to electric shocks. (rElec)
You are resistant to unholy torment.
You are immune to petrification.


Message History

You see here a +0 dagger.
You see here a +0 dagger.
c - a +0 dagger
c - a +0 dagger (weapon)
Sorry, I don't know how to traverse that place.
Really walk into that dispersal trap? [Y]es or [N]o only, please.
Really walk into that dispersal trap? [Y]es or [N]o only, please.
Really walk into that dispersal trap? [Y]es or [N]o only, please.
Really walk into that dispersal trap?
You enter a dispersal trap!
You blink.
You open the door.
Found a robe.
There is an open door here.
A ball python comes into view.
The ball python hisses angrily.
Found 13 gold pieces.
You hit the ball python.
The ball python is severely wounded.
The ball python barely misses you. x2
You closely miss the ball python.
The ball python is severely wounded.
The ball python bites you. The ball python closely misses you.
You hit the ball python.
You kill the ball python!
You see here a +0 robe.
d - a +0 robe You start removing your armour.
You continue taking off your +0 robe. x2
HP restored.
You continue taking off your +0 robe. x2
You finish taking off your +0 robe.
You start putting on your armour.
You continue putting on your +0 robe. x5
You finish putting on your +0 robe.
You now have 13 gold pieces.
You open the door.
There is an open door here.
A kobold comes into view. It is wielding a +0 short sword.
Are you sure you want to abandon this character and quit the game? (Confirm with "yes".)

.PP♣.♣♣.<..♣♣P#.#
...PPP♣P.PPPP...# ...
.....P....PP....# #..#
.............##. K...
..........P..# ###..
..#...P...PP.# .....
.###.P....P♣P#
####..##.# ##..P.♣P..#
.......@.#####..P♣♣..###
#######.##...#.^........
#..'...##.....####
####...'.....##
#...#...### #...###.#
#...# #..# #...# ##.#
#...# ..


You could see a kobold (asleep).

Vanquished Creatures
  A ball python (D:1)
  A kobold (D:1)
2 creatures vanquished.

Vanquished Creatures (others)
  2 withered plants (D:1)
2 creatures vanquished.

Grand Total: 4 creatures vanquished

Notes
Turn   | Place    | Note
-------+----------+-------------------------------------------
     0 | D:1      | shoemetal68 the Gargoyle Fire Elementalist began the quest
                  | for the Orb.
     0 | D:1      | Reached XP level 1. HP: 10/10 MP: 3/3
    79 | D:1      | Quit the game

Illustrated notes

Levels and vault maps discovered:
D:1:      spicycebolla_arrival_clurvy, layout_basic

Action                   || total
-------------------------++-------
Melee: Unarmed           ||    12
       Dagger            ||     3
Armor: Robe              ||     1
Dodge: Dodged            ||     5

Table legend: (Time is in decaauts)
 A = Elapsed time spent in this place.
 B = Non-inter-level travel time spent in this place.
 C = Inter-level travel time spent in this place.
 D = Time resting spent in this place.
 E = Time spent auto-exploring this place.
 F = Levels seen in this place.
 G = Mean time per level.
                   A        B        C        D        E       F      G
               +--------+--------+--------+--------+--------+-----+--------+
         Total |     78 |     48 |     30 |      0 |      0 |   1 |   78.0 |
       Dungeon |     78 |     48 |     30 |      0 |      0 |   1 |   78.0 |
               +--------+--------+--------+--------+--------+-----+--------+

Top non-repeatable levels by time:
     D:1: 78 daAuts
